 Dungeon Crawl Stone Soup version 0.9.0-15-g1b13fe2 character file.

5602435 Regnix the Axe Maniac (level 27, 276/276 (277) HPs)
             Began as a Minotaur Berserker on Aug 21, 2011.
             Was the Champion of The Shining One.
             Escaped with the Orb
             ... and 11 runes on Aug 22, 2011!
             The game lasted 12:42:31 (179100 turns).

Regnix the Axe Maniac (Minotaur Berserker)        Turns: 179100, Time: 12:42:31

HP 276/276 (277) AC 46     Str 33      XL: 27
MP  43/43        EV 12     Int 10      God: The Shining One [******]
Gold 6070        SH  0     Dex 24      Spells:  0 memorised, 28 levels left

Res.Fire  : + + +   See Invis. : +   a - +1,+9 battleaxe of World's End {god gift, Res.Cold : + + . Warding : + . f - +6 gold dragon armour of Inaction {rPois r Life Prot.: + + + Conserve : + (no shield) Res.Acid. : + . . Res.Corr. : + w - +2 cap
Res.Poison: +       Clarity    : .   O - +2 dwarf cloak {rCorr, Cons}
Res.Elec. : .       Spirit.Shd : .   k - +3 pair of gloves of the King {rF+ rC+ rN+
Sust.Abil.: . .     Prev.Telep.: +   B - +2 pair of boots of the Assassin {+Inv Dex Res.Mut. : . Ctrl.Telep.: x y - amulet of warding Res.Rott. : . Levitation : . W - +1,+5 ring of slaying Saprovore : . . . Ctrl.Flight: . S - ring of protection from fire

@: mighty, agile, hasted, very quick, incredibly resistant to hostile
enchantments, extremely unstealthy
A: horns 2, sense surroundings 1, Str -1
a: Divine Shield, Cleansing Flame, Summon Divine Warrior, Renounce Religion,
Evoke Berserk Rage, Evoke Invisibility
}: 11/15 runes: decaying, serpentine, slimy, silver, iron, obsidian, icy, bone,
abyssal, demonic, glowing


You escaped.
You worshipped The Shining One.
The Shining One was exalted by your worship.
You were not hungry.

You visited 18 branches of the dungeon, and saw 111 of its levels.
You visited Pandemonium 1 time, and saw 16 of its levels.
You visited the Abyss 2 times.
You visited 4 portal chambers: ossuary, spiders nest, bailey, trove.

You collected 14428 gold pieces.
You spent 8378 gold pieces at shops.

Inventory:

Hand weapons
 a - the +1,+9 battleaxe of World's End (weapon) {god gift, speed, -TELE +Rage MR SInv}
   (Trog gifted it to you on level 4 of the Swamp)

   Attacks with this weapon take half as long, but cause slightly less damage.
   It increases your resistance to enchantments.
   It enhances your eyesight.
   It lets you go berserk.
   It prevents most forms of teleportation.
 x - a +2,+2 elven long sword of distortion
Armour
 f - the +6 gold dragon armour of Inaction (worn) {rPois rF+ rC+ Dex+3 Int+3}
   (You bought it in a shop on level 3 of the Vaults)

   It affects your intelligence (+3).
   It affects your dexterity (+3).
   It protects you from fire.
   It protects you from cold.
   It protects you from poison.
 k - the +3 pair of gloves of the King (worn) {rF+ rC+ rN+ MR}
   (You acquired it on level 1 of the Lair of Beasts)

   It protects you from fire.
   It protects you from cold.
   It protects you from negative energy.
   It increases your resistance to enchantments.
 t - a +1 pair of boots of levitation
 w - a +2 cap (worn)
 B - the +2 pair of boots of the Assassin (worn) {+Inv Dex+3 Stlth++}
   (You found it on level 5 of the Crypt)

   It affects your dexterity (+3).
   It lets you turn invisible.
   It makes you much more stealthy.
   These boots were specially designed by the Assassin's Guild.
 O - a +2 dwarven cloak of preservation (worn)
Magical devices
 g - a wand of teleportation (6)
 j - a wand of digging (5)
 A - a wand of teleportation (5)
 J - a wand of disintegration (0)
 R - a wand of healing (4)
 U - a wand of healing (4)
Comestibles
 h - 10 meat rations
 D - 20 honeycombs
 G - 19 royal jellies
Scrolls
 c - a scroll of enchant armour
 e - 4 scrolls of identify
 i - a scroll of fog
 m - a scroll of blinking
 K - 2 scrolls of magic mapping
 L - 6 scrolls of remove curse
 M - a scroll of teleportation
 Q - 2 scrolls of detect curse
Jewellery
 d - the amulet of the Four Winds {Clar rN+ MR}
   (You found it on level 6 of the Pits of Slime)

   [amulet of clarity]

   It protects you from negative energy.
   It increases your resistance to enchantments.
 n - an uncursed ring of protection from cold
 p - an uncursed ring of teleport control
 s - an uncursed ring of sustain abilities
 y - an amulet of warding (around neck)
 C - the ring of Lyazok {rC+ rN+ AC+3}
   (You found it on level 7 of Cocytus)

   [ring of protection]

   It affects your AC (+3).
   It protects you from cold.
   It protects you from negative energy.
 E - an uncursed ring of teleportation
 F - an uncursed amulet of resist mutation
 H - the ring of Kikkomif {+Blink +Rage rElec Dex+4 Dam-1}
   (You found it on level 7 of the Iron City of Dis)

   [ring of dexterity]

   It affects your dexterity (+4).
   It affects your damage-dealing abilities (-1).
   It insulates you from electricity.
   It lets you blink.
   It lets you go berserk.
 S - a ring of protection from fire (left hand)
 W - a +1,+5 ring of slaying (right hand)
Potions
 l - 5 potions of healing
 o - 8 potions of agility
 r - 7 potions of berserk rage
 P - 3 potions of restore abilities
Magical staves
 b - a +5 rod of warding (11/11)
   (You found it on level 6 of the Pits of Slime)
Orbs of Power
 q - the Orb of Zot
Miscellaneous
 u - a legendary deck of escape {Flight}
 z - the horn of Geryon


   Skills:
 O Level 27 Fighting
 O Level 27 Axes
 - Level 1 Maces & Flails
 - Level 1 Throwing
 O Level 27 Armour
 - Level 2 Dodging
 - Level 1 Stealth
 - Level 1 Stabbing
 * Level 17 Shields
 + Level 14 Traps & Doors
 O Level 27 Unarmed Combat
 - Level 1 Spellcasting
 O Level 27 Invocations
 + Level 10 Evocations


You had 28 spell levels left.
You didn't know any spells.

Dungeon Overview and Level Annotations

Branches:
Dungeon (27/27)            Temple (1/1) D:4             Orc (4/4) D:6
    Elf (5/5) Orc:3          Lair (8/8) D:11          Swamp (5/5) Lair:5
  Slime (6/6) Lair:6        Snake (5/5) Lair:3         Hive (2/2) D:11
  Vault (8/8) D:14          Blade (1/1) Vault:4       Crypt (5/5) Vault:2
   Tomb (0/3) Crypt:2         Dis (7/7) Hell            Geh (7/7) Hell
    Coc (7/7) Hell            Tar (7/7) Hell            Zot (5/5) D:27

Altars:
Ashenzari
Cheibriados
Elyvilon
Fedhas
Kikubaaqudgha
Makhleb
Nemelex Xobeh
Okawaru
Sif Muna
The Shining One
Trog
Vehumet
Xom
Yredelemnul
Zin
Beogh
Jiyva

Shops:
D:5: [ D:7: * D:8: (*([! D:10: * D:18: + D:23: ? Orc:3: * Orc:4: [*(! Elf:3: %![+ Elf:5: [ Snake:3: (! Snake:5: ( Vault:2: ? Vault:3: [ Vault:4: * Vault:7: *

Portals:
Hell: D:21 D:22 D:23 D:24 D:25 D:26 D:27 Hell Dis:1 Dis:2* Dis:3** Dis:4** Dis:5 Dis:6 Dis:7** Geh:1 Geh:2 Geh:3* Geh:4 Geh:5* Geh:6 Geh:7* Coc:1** Coc:3* Coc:4 Coc:5 Coc:6 Coc:7** Tar:1 Tar:2** Tar:3* Tar:4 Tar:5 Tar:6 Tar:7**
Abyss: D:21 D:23 D:25
Pan: D:23 D:24 D:26
Ziggurat: D:7 (4460 gp)

Annotations
D:8 Treasure. Dig req
D:27 Use ring of tele
Elf:5 exclusion: door
Crypt:2 exclusion: curse skull
Crypt:4 exclusion: curse skull


Innate Abilities, Weirdness & Mutations

You have a pair of horns on your head.
You passively map a small area around you.
You are weak (Str -1).


Message History

Drink which item? (? for menu, Esc to quit)
Okay, then.
There is a stone staircase leading up here.
You climb upwards.
You sense a powerful magical force warping space.
There is a stone staircase leading down here.
Move the cursor to view the level map, or type ? for a list of commands.
Returning to the game...
You see here a dagger.
Unknown command.
Drink which item? (? for menu, Esc to quit)
You feel yourself speed up.
Drink which item? (? for menu, Esc to quit)
You feel very mighty all of a sudden.
Drink which item? (? for menu, Esc to quit)
You feel more agile all of a sudden.
You see here 3 darts.
There is a staircase leading out of the dungeon here.
Are you sure you want to win?
You have escaped!

#######.##
#.........
###.........
#....(......
#....#######
#...(# ##...
#....###....
#....##.....
#..@#.......
#....##.....
#....###....
#....# ##...
#....#######
#...........
###.........
########.........
........######.##


There were no monsters in sight!

Vanquished Creatures
  Asmodeus (Geh:7)
  Mnoleg (Pan)
  the royal jelly (Slime:6)
  2 orbs of fire (Zot:5)
  the Serpent of Hell (Dis:7)
  6 ancient liches
  Saint Roka (Swamp:1)
  Boris (Crypt:5)
  Mennas (Vault:6)
  3 Killer Klowns
  7 golden dragons
  Xtahua (D:20)
  9 Fiends
  Frederick (Vault:7)
  5 electric golems
  5 Pit Fiends
  11 liches
  7 pandemonium lords (Pan)
  24 Orb Guardians (Zot:5)
  2 titans (Vault:8)
  3 ghost moths
  11 shadow dragons
  2 deep elf blademasters (Elf:5)
  A ghost moth (shapeshifter) (Vault:8)
  20 acid blobs
  15 storm dragons
  2 eldritch tentacles
  6 sphinxes
  17 Ice Fiends
  The ghost of enigmoo the Bludgeoner, a mighty MDHu of Okawaru (Elf:5)
  15 Shadow Fiends
  8 draconian monks
  Aizul (Elf:5)
  2 orc warlords
  A draconian knight (Zot:1)
  6 draconian scorchers
  11 bone dragons
  8 frost giants
  2 ghouls
  12 Balrugs
  9 draconian zealots
  15 Executioners
  5 iron dragons
  3 azure jellies
  Maud (Elf:5)
  2 fire giants
  34 stone giants
  20 tentacled monstrosities
  10 Cacodemons
  7 draconian shifters
  4 draconian annihilators
  2 draconian callers
  3 green draconians
  6 greater nagas
  10 Blue Deaths
  9 grey draconians
  6 deep elf sorcerers
  Jozef (D:12)
  8 deep elf annihilators
  8 deep elf death magi (Elf:5)
  5 Green Deaths
  7 purple draconians
  6 black draconians
  16 yellow draconians
  9 pale draconians
  11 white draconians
  8 mottled draconians
  The ghost of AStranger the Thaumaturge, a powerful MDEE of Sif Muna (Lair:8)
  3 wizards (Abyss)
  6 dire elephants (Lair:8)
  9 red draconians
  A titan zombie (Crypt:5)
  2 deep elf master archers (Elf:5)
  11 ettins
  29 yaktaur captains
  4 vampire knights
  A mummy priest (Crypt:2)
  8 great orbs of eyes
  4 dragons
  25 dancing weapons
  12 ogre magi
  A titan skeleton (Abyss)
  24 vault guards (Vault:7)
  7 death cobs
  13 hydras
  Josephine (D:13)
  A storm dragon skeleton (D:24)
  6 death oozes
  Erica (D:10)
  Harold (Elf:4)
  14 ice dragons
  A golden dragon zombie (Crypt:1)
  2 anaconda zombies
  The ghost of Docstout the Markscentaur, a powerful CeHu of Okawaru (Lair:5)
  The ghost of AnaMiau the Convoker, a powerful FeSu of Vehumet (D:17)
  5 anacondas
  9 deep elf demonologists
  Nessos (Swamp:1)
  9 shadow dragon zombies
  An anaconda skeleton (Pan)
  A sphinx zombie (D:22)
  6 death yaks
  A deep troll (shapeshifter) (Vault:8)
  21 deep trolls
  3 alligators
  A fire giant zombie (D:19)
  3 rakshasas
  2 iron dragon zombies
  An orc high priest (Vault:7)
  6 shadow dragon skeletons
  3 frost giant zombies
  4 deep elf high priests
  6 hell hogs
  A sphinx skeleton (D:24)
  6 very ugly things
  20 centaur warriors
  3 sun demons
  4 stone giant zombies
  An iron dragon skeleton (Crypt:1)
  8 iron trolls
  2 draconians (shapeshifter)
  A fire giant skeleton (D:22)
  4 stone giant skeletons
  A frost giant skeleton (Vault:7)
  2 emperor scorpions (Port)
  4 iron golems (Crypt:5)
  194 skeletal warriors
  A shadow wraith (Crypt:4)
  24 deep elf knights
  12 hell knights
  7 unseen horrors
  16 soul eaters
  A dire elephant skeleton (Abyss)
  An alligator snapping turtle zombie (Abyss)
  4 pale draconian zombies
  13 naga warriors
  2 grey draconian zombies
  2 death drakes (shapeshifter)
  7 flayed ghosts
  2 mottled draconian zombies
  16 ice devils
  A red draconian zombie (Crypt:2)
  A yellow draconian zombie (Zot:3)
  23 orc knights
  2 white draconian zombies
  2 green draconian zombies (Abyss)
  2 purple draconian zombies
  An alligator snapping turtle skeleton (Abyss)
  A swamp dragon (shapeshifter) (D:26)
  3 iron troll zombies
  2 flaming corpses (Abyss)
  2 swamp dragons
  4 giant orange brains
  A lindwurm (Swamp:5)
  10 necromancers
  4 yellow draconian skeletons
  A white draconian skeleton (Crypt:5)
  A sea snake zombie (Abyss)
  8 giant amoebae
  Pikel (D:8)
  A harpy (shapeshifter) (Vault:8)
  A siren zombie (Abyss)
  A death yak skeleton (Crypt:1)
  4 crystal golems
  16 hill giants
  2 black draconian skeletons (Coc:7)
  A red draconian skeleton (Geh:1)
  A purple draconian skeleton (Tar:7)
  Joseph (D:7)
  17 hellions
  4 iron troll skeletons
  A sea snake skeleton (Abyss)
  A hill giant (shapeshifter) (Vault:8)
  A green draconian skeleton (Abyss)
  2 pale draconian skeletons
  11 phantasmal warriors
  A griffon (shapeshifter) (Vault:8)
  3 guardian serpents
  A catoblepas zombie (Crypt:4)
  26 moths of wrath
  A death drake zombie (Dis:7)
  18 sixfirhies
  2 harpy skeletons
  3 fire crabs
  4 shining eyes
  5 Lorocyprocas
  A deep dwarf berserker (Abyss)
  2 hydra skeletons
  3 dragon zombies
  4 spiny worms
  A death drake skeleton (Crypt:5)
  Maurice (Elf:4)
  2 weapon mimics
  3 siren skeletons
  2 catoblepas skeletons
  15 cyclopes
  6 griffons
  A guardian serpent zombie (Tar:1)
  49 large large abominations
  A trapdoor spider zombie (Crypt:4)
  4 red wasps
  A griffon zombie (D:21)
  2 moths of wrath (shapeshifter)
  An elephant slug (Lair:7)
  An ettin zombie (Vault:8)
  An eye of devastation (shapeshifter) (Vault:8)
  2 eyes of devastation
  30 reapers
  4 draconian zombies
  9 ice dragon zombies
  4 trapdoor spiders
  20 tormentors
  5 wolf spiders
  A guardian serpent skeleton (Crypt:4)
  15 elephants
  3 elves (shapeshifter)
  27 black mambas
  2 yaktaurs (shapeshifter)
  A griffon skeleton (Vault:3)
  9 spiny frogs
  A stone giant simulacrum (Vault:4)
  An elephant (shapeshifter) (Vault:8)
  3 ice dragon skeletons
  86 slime creatures
  7 guardian mummies (Crypt:2)
  37 hellwings
  2 spiny worm zombies
  A dire elephant simulacrum (Abyss)
  A queen ant zombie (Crypt:4)
  6 ettin skeletons
  46 yaktaurs
  45 orange demons
  3 white draconian simulacra
  A slime creature (shapeshifter) (D:27)
  2 hill giant zombies
  11 naga magi
  68 ugly things
  An alligator snapping turtle simulacrum (Abyss)
  43 smoke demons
  15 elf zombies
  9 rock trolls
  27 iron devils
  7 komodo dragons
  A redback (shapeshifter) (Vault:4)
  3 hill giant skeletons
  A troll (shapeshifter) (D:26)
  An elf skeleton (Elf:5)
  A deep dwarf necromancer (Abyss)
  4 efreeti
  4 human zombies (Crypt:5)
  A raven zombie (Tar:1)
  2 rock troll zombies
  6 redbacks
  An agate snail zombie (Abyss)
  2 queen bees
  3 spriggans (shapeshifter)
  3 polar bears
  4 silent spectres
  31 two-headed ogres
  4 blink frogs
  10 trolls
  A wandering mushroom (Vault:1)
  13 brown oozes
  A red wasp simulacrum (D:17)
  4 deep troll skeletons
  2 bog mummies
  5 demonic crawlers (Pan)
  A raven skeleton (Coc:5)
  A giant firefly (shapeshifter) (D:17)
  20 blue devils
  26 giant toads
  A two-headed ogre (shapeshifter) (Vault:5)
  A merfolk zombie (Crypt:5)
  2 redback zombies
  3 basilisks
  2 spiny frog skeletons
  A snapping turtle skeleton (Crypt:1)
  A grizzly bear (Lair:3)
  A dragon simulacrum (Zot:5)
  11 metal gargoyles
  2 wyverns
  56 yaks
  6 shadow demons
  3 sharks (Lair:5)
  18 wraiths
  32 golden eyes
  9 deep elf summoners
  11 bumblebees
  61 small abominations
  An elephant skeleton (Abyss)
  A merfolk skeleton (Abyss)
  Eustachio (D:8)
  A wood golem (Abyss)
  2 blink frog skeletons
  2 viper zombies
  A swamp dragon skeleton (Pan)
  15 deep elf conjurers
  8 vampires
  4 fire crab zombies
  A hog (D:15)
  3 merfolk (shapeshifter)
  2 steam dragons (Swamp:5)
  A viper skeleton (Coc:3)
  35 deep elf fighters
  2 mermaid zombies
  A viper (Snake:2)
  A spiny worm simulacrum (D:20)
  7 hippogriffs
  6 hairy devils
  9 war dogs
  2 clay golems (Abyss)
  12 hungry ghosts
  32 ynoxinuls
  8 water elementals
  69 neqoxecs
  2 jumping spider zombies
  2 yaktaur zombies
  2 hog skeletons
  3 fire drakes
  3 rock worms
  3 manticores
  2 chaos spawn (Abyss)
  A giant slug zombie (Abyss)
  9 molten gargoyles (Geh:7)
  A spatial vortex (Dis:1)
  20 freezing wraiths
  42 vampire mosquitoes
  26 swamp worms
  A manticore zombie (Abyss)
  4 yaktaur skeletons
  22 necrophages
  8 deep elf priests
  5 sky beasts
  47 hell hounds
  2 manticore skeletons
  12 ice beasts
  6 phantoms
  3 kenku (Swamp:1)
  24 red devils
  6 mottled dragons
  40 insubstantial wisps
  A polar bear zombie (Crypt:5)
  A rock worm zombie (Geh:7)
  A bumblebee zombie (D:25)
  A queen bee zombie (Coc:5)
  3 cyclops skeletons
  A troll zombie (Vault:3)
  A yellow wasp (shapeshifter) (Vault:8)
  65 orc warriors
  2 deep dwarves (Abyss)
  5 hell beasts
  7 swamp drakes
  15 giant goldfish
  A grizzly bear zombie (Crypt:1)
  A hippogriff zombie (Coc:2)
  66 nagas
  27 centaurs
  A giant goldfish skeleton (Coc:7)
  A boring beetle (shapeshifter) (Vault:3)
  A boring beetle (Lair:6)
  51 ogres
  2 polar bear skeletons (Crypt:2)
  27 deep elf magi
  A grizzly bear skeleton (Geh:7)
  A troll skeleton (Geh:1)
  2 big kobolds
  10 lava worms
  A tarantella zombie (Coc:6)
  A boring beetle zombie (D:19)
  15 crocodiles
  A giant slug (shapeshifter) (Vault:8)
  2 soldier ant zombies
  8 giant slugs
  A war dog skeleton (Geh:3)
  A wolf skeleton (Crypt:1)
  3 brain worms
  14 rotting devils
  8 wargs
  A giant frog zombie (Geh:2)
  32 water moccasins
  A water moccasin zombie (Dis:4)
  A yellow wasp zombie (Dis:4)
  Blork the orc (D:9)
  2 two-headed ogre zombies
  2 water moccasin skeletons
  6 agate snails
  5 giant leeches
  20 giant frogs
  152 killer bees
  A two-headed ogre skeleton (D:15)
  3 basilisk skeletons
  7 eyes of draining
  19 jellyfish
  A felid zombie (Crypt:3)
  13 fire bats (Abyss)
  7 boulder beetles
  A queen bee simulacrum (Tar:5)
  92 wights
  5 lava fish
  2 lava snakes
  A deep dwarf zombie (Dis:4)
  5 goliath beetles
  A pulsating lump (Slime:3)
  17 electric eels
  A felid skeleton (Dis:7)
  A demigod zombie (Crypt:2)
  A demonspawn zombie (Crypt:4)
  A big kobold zombie (Tar:3)
  37 imps
  2 kenku zombies
  A goliath beetle (shapeshifter) (D:23)
  2 brain worm zombies
  17 shadows
  3 big kobold skeletons
  A giant frog simulacrum (Crypt:1)
  A quasit (D:17)
  2 dwarf skeletons
  A mottled dragon skeleton (Vault:1)
  69 iron imps
  An ogre skeleton (Crypt:4)
  Crazy Yiuf (D:5)
  32 orc priests
  14 hounds
  A naga zombie (Crypt:5)
  5 spiders (Port)
  A hound zombie (D:15)
  2 scorpions
  37 orc wizards
  18 big fish
  6 orange rat zombies
  7 worker ants
  7 iguanas
  48 deep elf soldiers
  5 hound skeletons
  10 orange rats
  3 worker ant zombies
  10 porcupines
  An orange rat skeleton (Hell)
  3 big fish zombies (Coc:7)
  16 sheep
  A swamp drake skeleton (Crypt:1)
  Ijyb (Orc:1)
  3 worm zombies
  A fire vortex (Pan)
  39 jellies
  12 mummies
  A goliath beetle zombie (Tar:7)
  79 flying skulls
  9 gnolls
  61 midges
  7 giant centipedes
  4 orc zombies
  2 scorpion zombies
  41 snakes
  83 green rats
  57 lemures
  3 giant centipede zombies
  An iguana zombie (Crypt:1)
  81 white imps
  A halfling skeleton (Crypt:1)
  An iguana skeleton (D:13)
  A porcupine skeleton (Tar:1)
  2 sheep skeletons
  2 sheep zombies
  A snake skeleton (D:12)
  3 giant mites
  4 porcupine zombies
  26 shadow imps
  139 ufetubi
  6 worms
  2 gnoll zombies
  11 grey rats
  3 bat skeletons
  A bat zombie (Crypt:4)
  11 giant eyeballs
  A green rat zombie (Tar:5)
  5 oozes
  9 giant geckos
  A human skeleton (Tar:1)
  240 orcs
  10 giant cockroaches
  26 goblins
  24 hobgoblins
  54 kobolds
  14 quokkas
  3 small snakes
  An ant larva zombie (Crypt:1)
  59 bats
  A giant gecko zombie (Geh:5)
  8 giant newts
  A giant newt zombie (Coc:6)
  2 giant spores
  A goblin skeleton (Crypt:4)
  A goblin zombie (Crypt:2)
  A grey rat skeleton (Geh:7)
  A hobgoblin skeleton (Coc:6)
  A hobgoblin zombie (Crypt:1)
  8 illusory rakshasas
  11 jackals
  A jackal zombie (Crypt:1)
  40 killer bee larvae
  A killer bee larva zombie (Vault:1)
  2 kobold skeletons
  4 kobold zombies
  2 orc skeletons
  A quokka skeleton (Coc:7)
  54 rats
  2 rat skeletons
  4 ballistomycetes
  A butterfly (D:16)
  9 fungi
  9 plants
  44 toadstools
5319 creatures vanquished.

Vanquished Creatures (collateral kills)
  Antaeus (Coc:7)
  Ignacio (Pan)
  Ereshkigal (Tar:7)
  Dispater (Dis:7)
  An orb of fire (Zot:5)
  Mara (Vault:4)
  Geryon (Hell)
  4 illusory
  Maras (Vault:4)
  8 pandemonium lords
  8 Fiends
  2 Pit Fiends
  9 Ice Fiends
  Kirke (D:15)
  4 acid blobs
  An eldritch tentacle (Tar:7)
  Rupert (Snake:5)
  Agnes (D:15)
  5 Shadow Fiends
  Roxanne (D:18)
  A draconian knight (Zot:3)
  9 Balrugs
  2 frost giants (Coc:7)
  5 iron dragons
  2 Executioners
  Wiglaf (Vault:7)
  Louise (D:15)
  An Angel (Pan)
  2 tentacled monstrosities (Pan)
  An azure jelly (Slime:6)
  6 Cacodemons (Pan)
  4 Green Deaths
  3 yellow draconians (Zot:3)
  3 black draconians
  3 Blue Deaths (Pan)
  2 red draconians
  A pale draconian (Zot:2)
  Snorg (Vault:4)
  A dragon (Swamp:5)
  5 hydras
  6 ice dragons (Coc:7)
  2 shadow dragon zombies
  A deep elf high priest (Elf:5)
  2 very ugly things
  A fire giant zombie (Geh:7)
  2 hell hogs (Hell)
  Nergalle (Vault:1)
  A draconian zombie (Zot:2)
  A shadow dragon skeleton (Tar:7)
  A sun demon (Abyss)
  2 centaur warriors
  2 emperor scorpions (Port)
  2 soul eaters (Hell)
  A frost giant skeleton (Abyss)
  2 iron golems (Hell)
  16 skeletal warriors
  A death drake (shapeshifter) (Vault:6)
  4 deep elf knights (Elf:1)
  A yellow draconian zombie (Coc:7)
  12 ice devils
  A white draconian zombie (Tar:7)
  3 ice statues (Coc:7)
  2 giant amoebae
  4 orc sorcerers
  5 orc knights
  A yellow draconian skeleton (Geh:7)
  A flaming corpse (Geh:7)
  11 hellions
  A guardian serpent (Snake:5)
  Urug (D:15)
  A sea snake skeleton (Coc:7)
  10 oklob plants
  3 shining eyes
  A moth of wrath (Zot:4)
  4 ice dragon zombies (Coc:7)
  14 large large abominations
  5 sixfirhies (Pan)
  A weapon mimic (D:8)
  A wolf spider (Port)
  A trapdoor spider (D:14)
  13 orange demons
  14 slime creatures
  10 tormentors
  4 ice dragon skeletons
  11 reapers
  A griffon skeleton (Geh:2)
  15 hellwings
  Psyche (Elf:4)
  5 trolls
  18 smoke demons
  6 iron devils
  A redback (Port)
  A komodo dragon (Lair:5)
  3 blink frogs
  7 ugly things
  4 bog mummies
  A deep troll skeleton (Geh:7)
  A brown ooze (Slime:5)
  2 giant toads
  4 hairy devils
  A vampire (Geh:4)
  3 wraiths
  2 basilisks
  A redback zombie (Tar:7)
  A demonic crawler (Pan)
  A fire drake zombie (Geh:7)
  A snapping turtle skeleton (Geh:7)
  8 golden eyes
  16 blue devils
  12 metal gargoyles
  A steam dragon (Swamp:5)
  A merfolk skeleton (Geh:7)
  A shadow demon (Tar:7)
  9 ynoxinuls
  14 yaks
  A deep elf summoner (Elf:2)
  A fire drake (Swamp:5)
  38 neqoxecs
  7 vampire mosquitoes
  2 hippogriffs
  A manticore (D:15)
  A war dog (Lair:8)
  2 fire crab zombies
  4 molten gargoyles (Geh:7)
  A soldier ant (D:10)
  A hog skeleton (Geh:7)
  2 deep elf fighters (Elf:1)
  4 water elementals (Coc:7)
  Edmund (D:6)
  A yaktaur skeleton (D:15)
  6 freezing wraiths
  21 hell hounds
  2 swamp worms (Swamp:3)
  9 small abominations
  2 insubstantial wisps
  2 jumping spiders (Port)
  2 ice beasts (Coc:7)
  A slave (D:8)
  4 necrophages
  6 red devils
  2 kenku (Swamp:1)
  4 deep elf priests (Elf:1)
  2 giant goldfish zombies (Coc:7)
  10 orc warriors
  A phantom (Geh:1)
  A swamp worm zombie (Coc:7)
  2 nagas (Abyss)
  9 hell beasts
  4 centaurs
  4 rotting devils
  A deep elf mage (Elf:1)
  An ogre (D:8)
  3 wargs (Orc:3)
  A lava worm (Geh:3)
  A basilisk zombie (D:8)
  A brain worm (Abyss)
  2 agate snails (D:11)
  A giant frog zombie (Geh:7)
  A big kobold (D:15)
  A lava fish (Geh:7)
  A killer bee zombie (Dis:7)
  21 wights
  18 killer bees
  A boulder beetle (Lair:6)
  3 fire bats (Abyss)
  10 eyes of draining
  2 electric eels (Swamp:1)
  2 elf zombies (Elf:1)
  7 shadows
  15 imps
  2 goliath beetles
  3 hounds
  A kenku skeleton (Coc:7)
  14 iron imps
  2 lava snakes
  A quasit (D:9)
  3 orc priests
  8 orc wizards
  A scorpion (D:11)
  2 deep elf soldiers (Elf:1)
  A porcupine (Lair:6)
  6 orange rats
  An orange rat zombie (Hell)
  A sheep (Vault:7)
  A big fish zombie (Coc:7)
  A spectral orc (Vault:1)
  11 jellies
  A fire vortex (Pan)
  A goliath beetle zombie (Tar:6)
  17 mummies
  47 flying skulls
  2 snakes
  7 green rats
  24 lemures
  31 white imps
  16 midges
  A halfling skeleton (Coc:7)
  A human skeleton (Tar:7)
  10 shadow imps
  74 ufetubi
  6 grey rats
  13 oozes (D:16)
  42 orcs
  11 bats
  A goblin (Orc:1)
  A hobgoblin (D:9)
  A quokka (D:11)
  A giant gecko zombie (Geh:7)
  A giant newt (D:15)
  A goblin zombie (Tar:4)
  A grey rat zombie (Coc:7)
  2 hobgoblin skeletons
  A jackal skeleton (Geh:7)
  8 killer bee larvae (Hive:2)
  A killer bee larva zombie (Coc:7)
  3 kobolds (D:15)
  An orc skeleton (Geh:7)
  8 rats
  A small snake skeleton (Geh:2)
  A fungus (Lair:8)
  A plant (Lair:5)
1083 creatures vanquished.

Vanquished Creatures (others)
  An Orb Guardian (Zot:5)
  19 Daevas
  23 Angels
  A yaktaur captain (D:27)
  A great orb of eyes (Abyss)
  A deep elf demonologist (Elf:5)
  A death yak (Lair:6)
  A hell hog (D:15)
  An iron troll (Lair:8)
  3 humans (D:15)
  A hill giant (Orc:4)
  A hellion (Pan)
  2 sixfirhies
  2 black mambas
  A reaper (Coc:7)
  An orange demon (Pan)
  A hellwing (Abyss)
  A rock troll (Orc:4)
  A yaktaur (D:27)
  53 slime creatures
  A spiny frog (Lair:8)
  A blink frog (Lair:5)
  A large large abomination (Abyss)
  8 two-headed ogres
  A yak (Lair:2)
  2 steam dragons (Swamp:5)
  4 ynoxinuls
  A molten gargoyle (Geh:7)
  31 ogres
  2 mottled dragons (Swamp:5)
  A black bear (D:11)
  3 hell hounds
  3 slaves (D:8)
  2 swamp drakes (Swamp:5)
  2 centaurs (D:19)
  A deep elf mage (Elf:2)
  4 small abominations
  A giant frog skeleton (Geh:7)
  A water moccasin (Snake:2)
  A demigod zombie (Crypt:5)
  An iguana (D:7)
  2 iron imps
  2 deep elf soldiers (Elf:1)
  An orange rat (Crypt:5)
  A sheep (Lair:8)
  A swamp drake skeleton (Geh:2)
  2 fire vortices (Pan)
  2 midges
  A halfling zombie (Dis:7)
  10 lemures
  2 snakes
  A snake zombie (D:22)
  5 white imps
  9 ufetubi
  2 orcs
  A giant cockroach (D:14)
  A hobgoblin (D:6)
  2 jackals
  A bat (Swamp:5)
  A killer bee larva (Hive:1)
  A kobold (D:2)
  A quokka (Lair:2)
  2 rats
  A ballistomycete (D:7)
  15 eldritch tentacle segments (Tar:7)
  11 fungi
  6 plants
  235 toadstools
507 creatures vanquished.

Grand Total: 6909 creatures vanquished

Notes
Turn   | Place    | Note
--------------------------------------------------------------
     0 | D:1      | Regnix, the Minotaur Berserker, began the quest for the Orb.
     0 | D:1      | Reached XP level 1. HP: 19/19 MP: 0/0
    47 | D:1      | Reached XP level 2. HP: 19/27 MP: 0/0
   442 | D:1      | Acquired Trog's second power
   992 | D:1      | Reached skill level 5 in Fighting
   992 | D:1      | Reached XP level 3. HP: 28/33 MP: 1/1
  1370 | D:2      | Found a shimmering altar of Xom.
  1419 | D:2      | Found a burning altar of Makhleb.
  2074 | D:3      | Reached XP level 4. HP: 37/40 MP: 1/1
  2994 | D:4      | Found a staircase to the Ecumenical Temple.
  3002 | Temple   | Entered the Ecumenical Temple
  3217 | D:4      | Paralysed by a giant eyeball for 4 turns
  3312 | D:4      | Found a sand-covered staircase.
  3335 | D:4      | Reached skill level 5 in Axes
  3335 | D:4      | Reached skill level 1 in Unarmed Combat 3368
                  | ossuary
                  | Entered a tomb 3374
                  | ossuary
                  | Reached skill level 1 in Stealth 3374
                  | ossuary
                  | Reached XP level 5. HP: 47/47 MP: 1/1
  3723 | D:4      | Reached skill level 1 in Traps & Doors
  3863 | D:4      | Found a shimmering altar of Xom.
  3995 | D:5      | Entered Level 5 of the Dungeon
  4140 | D:5      | Found Kiemm's Antique Armour Boutique.
  4306 | D:5      | Reached XP level 6. HP: 31/53 MP: 2/2
  4494 | D:5      | Acquired Trog's third power
  4592 | D:5      | Noticed Crazy Yiuf
  4595 | D:5      | Defeated Crazy Yiuf
  4602 | D:5      | Identified a +2 cloak of preservation (You took it off Crazy Yiuf on level 5 of the Dungeon)
  4763 | D:6      | Reached XP level 7. HP: 38/60 MP: 2/2
  4827 | D:6      | Reached skill level 1 in Throwing
  4851 | D:6      | Reached skill level 6 in Axes
  5090 | D:6      | Reached skill level 1 in Spellcasting
  5216 | D:6      | Paralysed by a giant eyeball for 2 turns
  5220 | D:6      | Paralysed by a giant eyeball for 3 turns
  5251 | D:6      | Reached skill level 5 in Armour
  5567 | D:6      | Reached XP level 8. HP: 49/69 MP: 4/4
  5700 | D:6      | Noticed Edmund
  5715 | D:6      | Defeated Edmund
  5715 | D:6      | Reached skill level 1 in Stabbing
  5721 | D:6      | Reached skill level 7 in Axes
  6145 | D:6      | Found a staircase to the Orcish Mines.
  6363 | D:6      | Reached skill level 1 in Evocations
  6595 | D:7      | Found a basalt altar of Yredelemnul.
  6653 | D:7      | Paralysed by a giant eyeball for 4 turns
  7047 | D:7      | Found a gateway to a ziggurat.
  7147 | D:7      | Reached skill level 1 in Shields
  7147 | D:7      | Reached XP level 9. HP: 61/75 MP: 5/5
  7169 | D:7      | Noticed Joseph
  7187 | D:7      | Defeated Joseph
  7187 | D:7      | Reached skill level 8 in Axes
  7557 | D:7      | Found Edghes' Assorted Antiques.
  7563 | D:7      | Bought a scroll of remove curse for 63 gold pieces
  8031 | D:8      | Found Kaef's Weapon Boutique.
  8123 | D:8      | Noticed Pikel
  8137 | D:8      | Defeated Pikel
  8137 | D:8      | Reached skill level 9 in Axes
  8185 | D:8      | Noticed Eustachio
  8195 | D:8      | Found Klep's Antique Weapon Shoppe.
  8197 | D:8      | Your ally freed slave died
  8198 | D:8      | Defeated Eustachio
  8234 | D:8      | Bought a blowgun for 82 gold pieces
  8262 | D:8      | Bought 11 +0 darts of dispersal for 49 gold pieces
  8280 | D:8      | Noticed a centaur warrior
  8287 | D:8      | Found Ileeje's Armour Boutique.
  8478 | D:8      | Found Hakad's Distillery.
  8486 | D:8      | Bought a potion of heal wounds for 36 gold pieces
  8486 | D:8      | Bought a potion of mutation for 36 gold pieces
  8486 | D:8      | Bought a potion of slowing for 12 gold pieces
  8622 | D:8      | Your ally freed slave died
  8829 | D:8      | Your ally freed slave died
  9092 | D:8      | Found Aggierr's General Store.
  9096 | D:8      | Bought 3 +1 needles of sickness for 27 gold pieces
  9172 | D:8      | Reached XP level 10. HP: 82/85 MP: 5/5
  9537 | D:9      | Got a bloodstained chain mail
  9539 | D:9      | Identified the cursed +0 chain mail of the Fisher (You found it on level 9 of the Dungeon)
  9570 | D:9      | Reached skill level 10 in Axes
  9629 | D:9      | Reached skill level 10 in Armour
  9918 | D:9      | Noticed Blork the orc
  9920 | D:9      | Defeated Blork the orc
 10161 | D:10     | Entered Level 10 of the Dungeon
 10695 | D:10     | Found Most's General Store.
 10930 | D:10     | Noticed Erica
 10954 | D:10     | Defeated Erica
 10954 | D:10     | Reached skill level 10 in Fighting
 10954 | D:10     | Reached skill level 11 in Axes
 11653 | D:8      | Defeated a centaur warrior
 11653 | D:8      | Reached XP level 11. HP: 94/94 MP: 5/5
 11669 | D:8      | Got a scintillating iron ring
 11687 | D:8      | Identified the ring of the Firefly (You found it on level 8 of the Dungeon)
 11690 | D:8      | Gained mutation: Your muscles are strong (Str +1).
 11785 | D:11     | Noticed an agate snail
 11788 | D:11     | Noticed an agate snail
 11791 | D:11     | Reached skill level 12 in Axes
 11806 | D:11     | Defeated an agate snail
 11808 | D:11     | Defeated an agate snail
 12013 | D:11     | Found a staircase to the Lair.
 12018 | D:11     | Found a staircase to the Hive.
 12728 | Lair:1   | Entered Level 1 of the Lair of Beasts
 13071 | Lair:1   | Reached skill level 13 in Axes
 13951 | Lair:2   | Received a gift from Trog
 14476 | Lair:2   | Reached skill level 14 in Axes
 14529 | Lair:2   | Reached XP level 12. HP: 95/106 MP: 7/7
 15131 | Lair:3   | Found a staircase to the Snake Pit.
 15976 | Lair:3   | Received a gift from Trog
 16312 | Lair:4   | Found a bloodstained altar of Trog.
 16398 | Lair:4   | Reached skill level 15 in Axes
 16959 | Lair:4   | Found a crumbling entrance.
 16967 | Spider   | Entered a spider's nest
 17008 | Spider   | Received a gift from Trog
 17544 | Spider   | Gained mutation: You are agile (Dex +1).
 17580 | Spider   | Reached skill level 16 in Axes
 17787 | Spider   | Got a polished banded mail
 17793 | Spider   | Got a forked whip
 17795 | Spider   | Identified the cursed -2 banded mail of Urakaafole (You found it in a spider's nest)
 17796 | Spider   | Identified the +5,+10 whip "Snakebite" (You found it in a spider's nest)
 18444 | Lair:5   | Found a staircase to the Swamp.
 18596 | Lair:5   | Reached skill level 1 in Maces & Flails
 18766 | Lair:5   | Reached XP level 13. HP: 78/116 MP: 2/7
 18782 | Lair:5   | Noticed Docstout's ghost (powerful CeHu)
 18790 | Lair:5   | Defeated Docstout's ghost
 19392 | Lair:5   | Reached skill level 17 in Axes
 19545 | Lair:5   | Received a gift from Trog
 19857 | Lair:6   | Reached skill level 15 in Fighting
 20202 | Lair:6   | Found a staircase to the Slime Pits.
 20464 | Lair:6   | Reached skill level 18 in Axes
 21233 | Lair:7   | Got a faintly glowing splint mail
 21234 | Lair:7   | Identified the cursed +0 splint mail of Limitation (You found it on level 7 of the Lair of Beasts)
 21773 | Lair:8   | Entered Level 8 of the Lair of Beasts
 21801 | Lair:8   | Noticed AStranger's ghost (powerful MDEE)
 21816 | Lair:8   | Defeated AStranger's ghost
 22035 | Lair:8   | Received a gift from Trog
 22813 | Lair:8   | Reached XP level 14. HP: 121/127 MP: 2/7
 22900 | Lair:8   | Reached skill level 19 in Axes
 23220 | Lair:8   | Reached skill level 15 in Armour
 23521 | Lair:8   | Got an ichor-stained buckler
 23522 | Lair:8   | Identified the +3 buckler of Potoc (You found it on level 8 of the Lair of Beasts)
 24789 | Orc:1    | Entered Level 1 of the Orcish Mines
 25372 | Orc:1    | Noticed Ijyb
 25381 | Orc:1    | Defeated Ijyb
 25920 | Orc:4    | Entered Level 4 of the Orcish Mines
 26026 | Orc:4    | Received a gift from Trog
 26028 | Orc:4    | Paralysed by an orc sorcerer for 4 turns
 26328 | Orc:3    | Paralysed by an orc sorcerer for 3 turns
 26333 | Orc:3    | Paralysed by an orc sorcerer for 3 turns
 26334 | Orc:3    | Gained mutation: Your magical capacity is low (-10% MP).
 26514 | Orc:3    | Found a staircase to the Elven Halls.
 26557 | Orc:3    | Found Biskof's Assorted Antiques.
 26942 | Orc:4    | Reached skill level 20 in Axes
 26993 | Orc:4    | Received a gift from Trog
 27021 | Orc:4    | Found Tiehit's Armour Shoppe.
 27021 | Orc:4    | Found Pikaare's Assorted Antiques.
 27153 | Orc:4    | Found a roughly hewn altar of Beogh.
 27587 | Orc:4    | Found Qairihai's Weapon Shoppe.
 27587 | Orc:4    | Found Emneph's Distillery.
 27612 | Orc:4    | Bought a potion of speed for 82 gold pieces
 27612 | Orc:4    | Bought a potion of might for 37 gold pieces
 27612 | Orc:4    | Bought a potion of speed for 82 gold pieces
 27743 | Orc:4    | Bought a scroll of enchant weapon II for 143 gold pieces
 28586 | D:12     | Noticed Jozef
 28904 | D:12     | Received a gift from Trog
 28944 | D:12     | Reached XP level 15. HP: 82/138 MP: 7/7
 29204 | D:12     | Defeated Jozef
 29723 | D:13     | Noticed Josephine
 29748 | D:13     | Defeated Josephine
 30313 | D:14     | Reached skill level 21 in Axes
 30404 | D:14     | Found a staircase to the Vaults.
 30519 | D:14     | Found a shattered altar of Ashenzari.
 30588 | D:14     | Got an ichor-stained morningstar
 30589 | D:14     | Identified the +5,+0 morningstar of Punishment (You found it on level 14 of the Dungeon)
 30875 | D:15     | Entered Level 15 of the Dungeon
 30875 | D:15     | Noticed Kirke
 30949 | D:15     | Defeated Kirke
 31265 | D:15     | Noticed Louise
 31274 | D:15     | Defeated Louise
 31451 | D:15     | Noticed Agnes
 31454 | D:15     | Noticed Urug
 31465 | D:15     | Defeated Agnes
 31468 | D:15     | Defeated Urug
 32131 | D:16     | Got a faintly humming chain mail
 32132 | D:16     | Identified the +1 chain mail of Lodekkewn (You found it on level 16 of the Dungeon)
 32340 | D:16     | Received a gift from Trog
 32582 | D:16     | Reached skill level 22 in Axes
 32728 | D:16     | Found a flagged portal. 32760
                  | bailey
                  | Entered the bailey
 33704 | Lair:1   | Identified a scroll of acquirement
 33705 | Lair:1   | Got a pair of dazzling gloves
 33706 | Lair:1   | Identified the +3 pair of gloves of the King (You acquired it on level 1 of the Lair of Beasts)
 33816 | D:8      | Bought a scroll of teleportation for 45 gold pieces
 33966 | Hive:1   | Entered Level 1 of the Hive
 34460 | Hive:2   | Entered Level 2 of the Hive
 35090 | Hive:2   | Reached XP level 16. HP: 137/150 MP: 8/8
 35539 | Hive:2   | Received a gift from Trog
 36168 | Hive:2   | Got a slimy ruby amulet
 36188 | Hive:2   | Identified the amulet of Tifuid (You found it on level 2 of the Hive)
 36912 | Snake:1  | Entered Level 1 of the Snake Pit
 37164 | Snake:1  | Received a gift from Trog
 37165 | Snake:1  | Got a slimy demon blade {god gift}
 37167 | Snake:1  | Identified the +8,+3 demon blade of Neurosis {god gift} (Trog gifted it to you on level 1 of the Snake Pit)
 38343 | Snake:3  | Found Smaing's Weapon Emporium.
 38405 | Snake:3  | Got a warped sabre
 38583 | Snake:3  | Found Roompus' Distillery.
 38590 | Snake:3  | Bought a potion of might for 42 gold pieces
 38590 | Snake:3  | Bought a potion of heal wounds for 51 gold pieces
 39178 | Snake:4  | Identified the cursed -1,-3 sabre "Ghairros" (You found it on level 3 of the Snake Pit)
 39809 | Swamp:1  | Entered Level 1 of the Swamp
 39826 | Swamp:1  | Noticed Saint Roka
 39833 | Swamp:1  | Defeated Saint Roka
 39833 | Swamp:1  | Reached skill level 23 in Axes
 39852 | Swamp:1  | Received a gift from Trog
 40316 | Swamp:1  | Noticed Nessos
 40326 | Swamp:1  | Defeated Nessos
 43418 | Swamp:4  | Received a gift from Trog
 43419 | Swamp:4  | Got a brightly glowing battleaxe {god gift}
 43429 | Swamp:4  | Identified the +1,+9 battleaxe of World's End {god gift} (Trog gifted it to you on level 4 of the Swamp)
 44108 | Swamp:5  | Entered Level 5 of the Swamp
 44222 | Swamp:5  | Got a fine chain mail
 44231 | Swamp:5  | Identified the cursed -7 chain mail of the Dungeon (You found it on level 5 of the Swamp)
 44690 | Swamp:5  | Reached XP level 17. HP: 146/160 MP: 8/8
 45289 | Swamp:5  | Got a decaying rune of Zot
 46142 | D:17     | Noticed AnaMiau's ghost (powerful FeSu)
 46150 | D:17     | Defeated AnaMiau's ghost
 46467 | D:17     | Reached skill level 24 in Axes
 46476 | D:17     | Found a portal to a secret trove of treasure.
 46560 | D:17     | Got a pitted leather armour
 47021 | D:18     | Noticed Roxanne
 47032 | D:18     | Defeated Roxanne
 47809 | D:18     | Found Pilas' Book Shop.
 49052 | Orc:3    | Bought a glowing brass ring for 950 gold pieces
 49083 | Orc:4    | Bought a golden ring for 650 gold pieces
 49083 | Orc:4    | Bought a scroll of identify for 52 gold pieces
 49322 | Lair:1   | Identified the +1 leather armour "Opuokhlo" (You took it off an orc on level 17 of the Dungeon)
 49724 | Snake:5  | Entered Level 5 of the Snake Pit
 49776 | Snake:5  | Got an encrusted falchion
 49857 | Snake:5  | Found Mnoiheph's Antique Weapon Shop.
 49875 | Snake:5  | Bought a faintly glowing blowgun for 157 gold pieces
 49917 | Snake:5  | Noticed Rupert
 49931 | Snake:5  | Defeated Rupert
 50742 | Snake:5  | Received a gift from Trog
 51386 | Snake:5  | Received a gift from Trog
 51440 | Snake:5  | Got a serpentine rune of Zot
 51551 | Snake:5  | Reached XP level 18. HP: 106/172 MP: 9/9
 51748 | Lair:1   | Identified the falchion of Ijag {drain, rElec SInv} (You found it on level 5 of the Snake Pit)
 51751 | Lair:1   | Identified the cursed +0 blowgun "Demagril" (You bought it in a shop on level 5 of the Snake Pit)
 52031 | Elf:1    | Entered Level 1 of the Elven Halls
 52355 | Elf:1    | Received a gift from Trog
 52495 | Elf:1    | Reached XP level 17. HP: 159/162 MP: 8/8
 52503 | Elf:1    | Got a vibrating cloak
 52504 | Elf:1    | Identified the +3 cloak of Flash (You found it on level 1 of the Elven Halls)
 52548 | Elf:1    | Reached skill level 25 in Axes
 52638 | Elf:1    | Reached XP level 18. HP: 104/172 MP: 9/9
 53516 | Elf:2    | Received a gift from Trog
 53959 | Elf:3    | Found Rokan's Food Shop.
 53967 | Elf:3    | Bought a meat ration for 56 gold pieces
 53997 | Elf:3    | Found Sheywafy's Distillery.
 54018 | Elf:3    | Bought a potion of gain strength for 455 gold pieces
 54020 | Elf:3    | Gained mutation: Your muscles are strong (Str +2).
 54097 | Elf:3    | Received a gift from Trog
 54103 | Elf:3    | Found Phoicyit's Antique Armour Shop.
 54338 | Elf:3    | Got an ancient crossbow
 54347 | Elf:3    | Found Izaecain's Book Shop.
 54596 | Elf:3    | Got an encrusted scale mail
 54863 | Elf:4    | Noticed Harold
 54871 | Elf:4    | Defeated Harold
 54876 | Elf:4    | Received a gift from Trog
 55182 | Elf:4    | Noticed Psyche
 55189 | Elf:4    | Defeated Psyche
 55466 | Elf:4    | Noticed Maurice
 55472 | Elf:4    | Defeated Maurice
 55990 | Lair:1   | Identified the cursed -4 scale mail of Fun and Games (You took it off a deep elf knight on level 3 of the Elven Halls)
 56050 | Lair:1   | Reached skill level 5 in Traps & Doors
 56050 | Lair:1   | Reached skill level 5 in Evocations
 56050 | Lair:1   | Reached XP level 19. HP: 182/182 MP: 9/9
 56129 | Vault:1  | Entered Level 1 of the Vaults
 56359 | Vault:1  | Noticed Nergalle
 56368 | Vault:1  | Defeated Nergalle
 56557 | Vault:1  | Got a fine war axe
 56975 | Vault:2  | Received a gift from Trog
 57124 | Vault:2  | Found Kietwoll's Magic Scroll Emporium.
 57129 | Vault:2  | Bought a scroll of identify for 34 gold pieces
 57129 | Vault:2  | Bought a scroll of enchant weapon I for 93 gold pieces
 57129 | Vault:2  | Bought a scroll of identify for 34 gold pieces
 57332 | Vault:2  | Found a staircase to the Crypt.
 57332 | Vault:2  | Found a basalt altar of Yredelemnul.
 57333 | Vault:2  | Found an ancient bone altar of Kikubaaqudgha.
 57410 | Vault:2  | Identified the -1,-5 war axe "Orchuoc" (You found it on level 1 of the Vaults)
 57818 | Vault:3  | You fall through a shaft!
 58079 | Vault:3  | Reached skill level 26 in Axes
 58261 | Vault:3  | Found Moss' Antique Armour Shop.
 58722 | Vault:3  | Received a gift from Trog
 59090 | Vault:4  | Noticed Mara
 59106 | Vault:4  | Defeated Mara
 59305 | Vault:4  | Found a staircase to the Hall of Blades.
 59322 | Vault:4  | Reached XP level 20. HP: 192/192 MP: 9/9
 59351 | Vault:4  | Found Duiwisum's Assorted Antiques.
 59365 | Vault:4  | Noticed Snorg
 59368 | Vault:4  | Defeated Snorg
 60820 | Vault:6  | Noticed Mennas
 60851 | Vault:6  | Found a glowing silver altar of Zin.
 61358 | Vault:6  | Defeated Mennas
 61875 | Vault:7  | Found Alirad's Assorted Antiques.
 61898 | Vault:7  | Bought a scroll of identify for 52 gold pieces
 61898 | Vault:7  | Bought a scroll of enchant weapon II for 143 gold pieces
 62263 | Vault:7  | Noticed Wiglaf
 62277 | Vault:7  | Defeated Wiglaf
 62435 | Vault:7  | Noticed Frederick
 62447 | Vault:7  | Defeated Frederick
 62447 | Vault:7  | Reached skill level 27 in Axes
 63465 | D:20     | Entered Level 20 of the Dungeon
 64080 | D:20     | Noticed Xtahua
 64093 | D:20     | Defeated Xtahua
 64340 | D:20     | Got an ichor-stained banded mail
 64341 | D:20     | Identified the +1 banded mail of Theam (You found it on level 20 of the Dungeon)
 64409 | D:20     | Got an ichor-stained crossbow
 64537 | D:21     | Found a one-way gate to the infinite horrors of the Abyss.
 64646 | D:21     | Found a gateway to Hell.
 64653 | D:21     | Reached XP level 21. HP: 175/206 MP: 10/10
 65232 | D:21     | Got a twisted morningstar
 65698 | D:22     | Noticed a deep elf mage
 65704 | D:22     | Defeated a deep elf mage
 66078 | D:23     | Received a gift from Trog
 66164 | D:23     | Found Mnobb's Magic Scroll Boutique.
 66171 | D:23     | Found a one-way gate leading to the halls of Pandemonium.
 66200 | D:23     | Bought a scroll of enchant armour for 71 gold pieces
 67394 | D:24     | Identified the cursed +3,+0 crossbow of Pnesatt (You found it on level 20 of the Dungeon)
 67502 | D:24     | Received a gift from Trog
 67759 | Hell     | Entered the Vestibule of Hell
 67759 | Hell     | Noticed Geryon
 67777 | Hell     | Defeated Geryon
 67842 | D:25     | Entered Level 25 of the Dungeon
 67871 | D:25     | Reached XP level 22. HP: 199/220 MP: 10/10
 68798 | Slime:1  | Entered Level 1 of the Pits of Slime
 68833 | Slime:1  | Paralysed by a giant eyeball for 3 turns
 68837 | Slime:1  | Paralysed by a giant eyeball for 3 turns
 68891 | Slime:1  | Found a viscous altar of Jiyva.
 68892 | Slime:1  | Paralysed by a giant eyeball for 3 turns
 68896 | Slime:1  | Paralysed by a giant eyeball for 2 turns
 69194 | Slime:5  | Paralysed by a giant eyeball for 4 turns
 69202 | Slime:5  | Paralysed by a giant eyeball for 3 turns
 69531 | Slime:6  | Entered Level 6 of the Pits of Slime
 69677 | Slime:6  | Noticed the royal jelly
 70029 | Slime:6  | Found a viscous altar of Jiyva.
 70058 | Slime:6  | Defeated the royal jelly
 70099 | Slime:6  | Got a jade amulet
 70110 | Slime:6  | Got a slimy rune of Zot
 70209 | Slime:6  | Identified the amulet of the Four Winds (You found it on level 6 of the Pits of Slime)
 70254 | Slime:6  | Paralysed by a giant eyeball for 3 turns
 70665 | Lair:1   | Identified a +4 rod of striking (8/8) (You found it on level 6 of the Pits of Slime)
 70666 | Lair:1   | Identified a +0 rod of warding (9/9) (You found it on level 6 of the Pits of Slime) 70852
                  | trove
                  | Entered a treasure trove 70866
                  | trove
                  | Got a crystal battleaxe 70887
                  | trove
                  | Got an ephemeral quarterstaff
 71050 | D:17     | Identified the +2,+3 battleaxe "Oca Riwk" (You found it in a treasure trove)
 71616 | Temple   | Fell from the grace of Trog
 71616 | Temple   | Was placed under penance by Trog
 71616 | Temple   | Became a worshipper of The Shining One
 74531 | D:6      | Noticed a hill giant
 75431 | D:6      | Noticed a stone giant
 75630 | D:6      | Acquired The Shining One's first power
 80991 | D:6      | Noticed a hill giant
 81171 | D:6      | Noticed a hill giant
 82456 | D:6      | Acquired The Shining One's second power
 83357 | D:6      | Noticed a stone giant
 88461 | D:6      | Noticed a storm dragon skeleton
100099 | D:6      | Acquired The Shining One's third power
102097 | D:6      | Noticed a stone giant
104340 | D:6      | Noticed a giant centipede
107893 | D:6      | Acquired The Shining One's fourth power
110713 | D:6      | Was forgiven by Trog
112199 | D:6      | Noticed a griffon skeleton
112707 | D:6      | Noticed a hill giant
112715 | D:6      | Defeated a hill giant
116719 | D:6      | Noticed a yaktaur captain
116725 | D:6      | Noticed a yaktaur
116728 | D:6      | Defeated a yaktaur captain
116734 | D:6      | Defeated a yaktaur
116809 | D:6      | Noticed a yaktaur
116819 | D:6      | Defeated a yaktaur
118198 | Crypt:1  | Entered Level 1 of the Crypt
118322 | Crypt:1  | Reached XP level 23. HP: 228/228 MP: 10/10
118956 | Crypt:1  | Noticed a small abomination
118960 | Crypt:1  | Defeated a small abomination
120079 | Crypt:2  | Found a staircase to the Tomb.
121762 | Crypt:5  | Entered Level 5 of the Crypt
121921 | Crypt:5  | Noticed Boris
121930 | Crypt:5  | Defeated Boris
122039 | Crypt:5  | Reached skill level 27 in Fighting
122148 | Crypt:5  | Noticed a lich
122169 | Crypt:5  | Defeated a lich
122261 | Crypt:5  | Reached XP level 24. HP: 246/246 MP: 12/12
122306 | Crypt:5  | Found a shimmering altar of Xom.
122306 | Crypt:5  | Noticed an ancient lich
122313 | Crypt:5  | Defeated an ancient lich
122353 | Crypt:5  | Got an ancient platinum ring
122356 | Crypt:5  | Got a twisted scale mail
122366 | Crypt:5  | Identified the ring "Odited" (You found it on level 5 of the Crypt)
122379 | Crypt:5  | Noticed a lich
122389 | Crypt:5  | Defeated a lich
122461 | Crypt:5  | Got a pair of soft boots
122465 | Crypt:5  | Identified the +2 pair of boots of the Assassin (You found it on level 5 of the Crypt)
122465 | Crypt:5  | Identified the +1 scale mail "Smelor" (You found it on level 5 of the Crypt)
125505 | D:27     | Entered Level 27 of the Dungeon
125857 | D:27     | Noticed a golden dragon
125869 | D:27     | Defeated a golden dragon
125875 | D:27     | Noticed a bone dragon
125888 | D:27     | Defeated a bone dragon
126383 | D:27     | Reached XP level 25. HP: 229/251 MP: 12/12
126601 | D:27     | Reached skill level 1 in Invocations
126652 | D:27     | Noticed an orc warlord
126668 | D:27     | Defeated an orc warlord
128089 | D:6      | Defeated a giant centipede
128321 | Elf:5    | Entered Level 5 of the Elven Halls
128406 | Elf:5    | Found Mudalag's Antique Armour Emporium.
128532 | Elf:5    | Noticed enigmoo's ghost (mighty MDHu)
128548 | Elf:5    | Defeated enigmoo's ghost
128609 | Elf:5    | Noticed a deep elf blademaster
128949 | Elf:5    | Defeated a deep elf blademaster
129456 | Elf:5    | Noticed a deep elf blademaster
129459 | Elf:5    | Noticed Maud
129485 | Elf:5    | Defeated a deep elf blademaster
129518 | Elf:5    | Defeated Maud
129766 | Elf:5    | Noticed a deep elf master archer
129779 | Elf:5    | Defeated a deep elf master archer
129824 | Elf:5    | Noticed Aizul
130353 | Elf:5    | Noticed a deep elf master archer
130367 | Elf:5    | Defeated a deep elf master archer
130660 | Elf:5    | Got a glittering tin ring
130691 | Elf:5    | Got a smoking wooden ring
130698 | Elf:5    | Got an engraved book
130711 | Elf:5    | Got a shimmering sling
130727 | Elf:5    | Identified the ring "Taighohi" (You found it on level 5 of the Elven Halls)
130728 | Elf:5    | Identified the ring of Ahahohem (You found it on level 5 of the Elven Halls)
130729 | Elf:5    | Identified the Grimoire of Transmigration and Unholy Magic (You found it on level 5 of the Elven Halls)
131319 | Elf:5    | Defeated Aizul
132040 | Vault:8  | Entered Level 8 of the Vaults
132091 | Vault:7  | Reached XP level 26. HP: 227/267 MP: 17/18
132478 | Vault:8  | Reached skill level 5 in Invocations
132756 | Vault:8  | Noticed a deep elf high priest
132768 | Vault:8  | Defeated a deep elf high priest
133026 | Vault:8  | Noticed a golden dragon
133038 | Vault:8  | Defeated a golden dragon
133038 | Vault:8  | Reached skill level 27 in Armour
133044 | Vault:8  | Noticed a golden dragon
133057 | Vault:8  | Defeated a golden dragon
133086 | Vault:8  | Got a fine glass ring
133087 | Vault:8  | Identified the ring "Toenk" (You found it on level 8 of the Vaults)
133208 | Vault:8  | Noticed an orc warlord
133216 | Vault:8  | Defeated an orc warlord
133253 | Vault:8  | Got a rare book
133254 | Vault:8  | Identified Nergalle's Almanac of Conjuration (You found it on level 8 of the Vaults)
133327 | Vault:8  | Reached skill level 10 in Invocations
133660 | Vault:8  | Got a silver rune of Zot
133777 | Vault:8  | Noticed a deep elf high priest
133780 | Vault:8  | Defeated a deep elf high priest
133833 | Vault:8  | Reached XP level 27. HP: 243/277 MP: 0/27
133989 | Vault:8  | Noticed a deep elf annihilator
133989 | Vault:8  | Noticed a guardian serpent
133991 | Vault:8  | A guardian serpent changed into a draconian
134015 | Vault:8  | Defeated a deep elf annihilator
134118 | Vault:8  | Noticed a deep elf sorcerer
134155 | Vault:8  | Defeated a deep elf sorcerer
134281 | Vault:8  | Noticed a shining eye
134284 | Vault:8  | A shining eye changed into a merfolk
134294 | Vault:8  | A swamp dragon changed into a guardian serpent
134298 | Vault:8  | A guardian serpent changed into an elf
135323 | Vault:3  | Bought a slimy gold dragon armour for 4620 gold pieces
135324 | Vault:3  | Identified the cursed +6 gold dragon armour of Inaction (You bought it in a shop on level 3 of the Vaults)
135781 | Blade    | Entered the Hall of Blades
136491 | Hell     | Found a gateway to the Iron City of Dis.
136592 | Hell     | Found a gateway to the ashen valley of Gehenna.
136725 | Hell     | Found a gateway to the decaying netherworld of Tartarus.
136837 | Hell     | Found a gateway to the freezing wastes of Cocytus.
137304 | Zot:1    | Entered Level 1 of the Realm of Zot
137646 | Zot:1    | Reached skill level 5 in Unarmed Combat
137983 | Zot:1    | Reached skill level 15 in Invocations
138874 | Zot:2    | Reached skill level 10 in Traps & Doors
139323 | Zot:2    | Reached skill level 10 in Unarmed Combat
141804 | Zot:4    | Reached skill level 15 in Unarmed Combat
142600 | Zot:5    | Entered Level 5 of the Realm of Zot
143239 | Zot:5    | Noticed an orb of fire
143250 | Zot:5    | Noticed an ancient lich
143265 | Zot:5    | Gained mutation: You are frail (-10% HP).
143278 | Zot:5    | Defeated an orb of fire
143431 | Zot:5    | Defeated an ancient lich
143433 | Zot:5    | Noticed an ancient lich
143457 | Zot:5    | Defeated an ancient lich
143495 | Zot:5    | Noticed an ancient lich
143732 | Zot:5    | Noticed an ancient lich
143741 | Zot:5    | Defeated an ancient lich
143970 | Zot:5    | Defeated an ancient lich
144410 | Zot:5    | Noticed an orb of fire
144741 | Zot:5    | Noticed an ancient lich
144776 | Zot:5    | Defeated an ancient lich
145304 | Zot:5    | Defeated an orb of fire
146603 | Abyss    | Entered The Abyss
146699 | Abyss    | Noticed a deep dwarf necromancer
146708 | Abyss    | Defeated a deep dwarf necromancer
146712 | Abyss    | Noticed a spiny worm
146728 | Abyss    | Defeated a spiny worm
146796 | Abyss    | Noticed a wood golem
146800 | Abyss    | Defeated a wood golem
146811 | Abyss    | Noticed a black draconian
146850 | Abyss    | Defeated a black draconian
146886 | Abyss    | Noticed a shining eye
146904 | Abyss    | Defeated a shining eye
146909 | Abyss    | Noticed a crystal golem
146922 | Abyss    | Lost mutation: Your muscles are strong (Str +2).
146934 | Abyss    | Defeated a crystal golem
147084 | Abyss    | Noticed a sky beast
147087 | Abyss    | Defeated a sky beast
147212 | Abyss    | Got an iridescent dagger
147523 | Abyss    | Noticed a tormentor
147529 | Abyss    | Defeated a tormentor
147561 | Abyss    | Noticed a purple draconian
147594 | Abyss    | Defeated a purple draconian
147596 | Abyss    | Noticed an alligator snapping turtle simulacrum
147605 | Abyss    | Defeated an alligator snapping turtle simulacrum
147606 | Abyss    | Identified the +10,+0 dagger of Dominance (You found it in the Abyss)
147715 | Abyss    | Noticed a Daeva
147782 | Abyss    | Noticed an iron devil
147789 | Abyss    | Defeated an iron devil
147953 | Abyss    | Noticed a dire elephant simulacrum
147961 | Abyss    | Defeated a dire elephant simulacrum
148536 | Abyss    | Noticed a clay golem
148541 | Abyss    | Defeated a clay golem
148607 | Abyss    | Noticed a white ugly thing
148607 | Abyss    | Noticed a white ugly thing
148616 | Abyss    | Defeated a purple ugly thing
148619 | Abyss    | Defeated a white ugly thing
148637 | Abyss    | Noticed a deep dwarf
148642 | Abyss    | Defeated a deep dwarf
149015 | Abyss    | Noticed a deep dwarf berserker
149024 | Abyss    | Defeated a deep dwarf berserker
149274 | Abyss    | Noticed a black draconian
149394 | Abyss    | Noticed a mad acolyte of Lugonu
149404 | Abyss    | Defeated a mad acolyte of Lugonu
149423 | Abyss    | Noticed a tentacled monstrosity
149425 | Abyss    | Noticed a giant eyeball
149430 | Abyss    | Defeated a tentacled monstrosity
149431 | Abyss    | Paralysed by a giant eyeball for 3 turns
149441 | Abyss    | Paralysed by a giant eyeball for 3 turns
149447 | Abyss    | Defeated a giant eyeball
149459 | Abyss    | Noticed a mad acolyte of Lugonu
149466 | Abyss    | Defeated a mad acolyte of Lugonu
149470 | Abyss    | Noticed a mad acolyte of Lugonu
149476 | Abyss    | Defeated a mad acolyte of Lugonu
149488 | Abyss    | Got an abyssal rune of Zot
149573 | Abyss    | Noticed a pale draconian caller
149585 | Abyss    | Noticed a necromancer
149586 | Abyss    | Defeated a pale draconian caller
149601 | Abyss    | Noticed a runed orcish glaive
149607 | Abyss    | Defeated a necromancer
149615 | Abyss    | Defeated a runed orcish glaive
149785 | Abyss    | Noticed a white draconian simulacrum
149790 | Abyss    | Defeated a white draconian simulacrum
150409 | D:21     | You pass through the gate.
151060 | Dis:1    | Entered Level 1 of the Iron City of Dis
151075 | Dis:1    | Reached skill level 10 in Evocations
151870 | Dis:4    | Gained mutation: Your vision is a little blurry.
151898 | Dis:4    | Noticed an iron dragon
151906 | Dis:4    | Defeated an iron dragon
151910 | Dis:4    | Noticed an iron dragon
151912 | Dis:4    | Noticed an iron dragon
151912 | Dis:4    | Noticed an iron dragon
151912 | Dis:4    | Noticed an iron dragon
151918 | Dis:4    | Defeated an iron dragon
151930 | Dis:4    | Defeated an iron dragon
151937 | Dis:4    | Defeated an iron dragon
151941 | Dis:4    | Noticed an iron dragon
151949 | Dis:4    | Defeated an iron dragon
151950 | Dis:4    | Defeated an iron dragon
152130 | Dis:6    | Reached skill level 5 in Shields
152198 | Dis:7    | Entered Level 7 of the Iron City of Dis
152364 | Dis:7    | Noticed the Serpent of Hell
152374 | Dis:7    | Defeated the Serpent of Hell
152444 | Dis:7    | Got a yellowed book
152464 | Dis:7    | Noticed a Fiend
152466 | Dis:7    | Noticed Dispater
152993 | Dis:7    | Noticed a Fiend
152998 | Dis:7    | Defeated a Fiend
153013 | Dis:7    | Got a jewelled dragon armour
153034 | Dis:7    | Noticed a Fiend
153039 | Dis:7    | Defeated a Fiend
153058 | Dis:7    | Gained mutation: You have a fast metabolism.
153114 | Dis:7    | Defeated a Fiend
153131 | Dis:7    | Defeated Dispater
153134 | Dis:7    | Got a golden staff
153150 | Dis:7    | Got a sparkling golden amulet
153152 | Dis:7    | Got an iron rune of Zot
153279 | Dis:7    | Noticed an iron dragon
153285 | Dis:7    | Defeated an iron dragon
153506 | Dis:7    | Noticed a Fiend
153511 | Dis:7    | Defeated a Fiend
153534 | Dis:7    | Got a warped jade ring
153566 | Dis:7    | Noticed an iron dragon
153566 | Dis:7    | Noticed an iron dragon
153576 | Dis:7    | Defeated an iron dragon
153587 | Dis:7    | Defeated an iron dragon
153597 | Dis:7    | Noticed an iron dragon
153617 | Dis:7    | Defeated an iron dragon
153657 | Dis:7    | Got a flickering ivory amulet
153663 | Dis:7    | Got a fine tin ring
154114 | Lair:1   | Identified the ring of the Amoeba (You found it on level 7 of the Iron City of Dis)
154114 | Lair:1   | Identified the ring of Kikkomif (You found it on level 7 of the Iron City of Dis)
154114 | Lair:1   | Identified the amulet "Guraloo" (You found it on level 7 of the Iron City of Dis)
154119 | Lair:1   | Identified the amulet "Stroxuixy" (You found it on level 7 of the Iron City of Dis)
154127 | Lair:1   | Identified the +5 dragon armour of Negligence (You found it on level 7 of the Iron City of Dis)
154492 | Tar:1    | Entered Level 1 of Tartarus
156025 | Tar:7    | Entered Level 7 of Tartarus
156647 | Tar:7    | Noticed Ereshkigal
156710 | Tar:7    | Defeated Ereshkigal
156725 | Tar:7    | Got a bloodstained banded mail
156730 | Tar:7    | Got a bone rune of Zot
156734 | Tar:7    | Got a round shield
157028 | Tar:7    | Reached skill level 10 in Shields
157075 | Hell     | Identified the +15 shield "Bullseye" (You found it on level 7 of Tartarus)
157109 | Geh:1    | Entered Level 1 of Gehenna
157200 | Geh:1    | Noticed a Fiend
157206 | Geh:1    | Defeated a Fiend
157569 | Geh:3    | Noticed a Fiend
157574 | Geh:3    | Defeated a Fiend
157742 | Geh:5    | Noticed a Fiend
157749 | Geh:5    | Defeated a Fiend
157893 | Geh:7    | Entered Level 7 of Gehenna
157975 | Geh:7    | Noticed a soul eater
157979 | Geh:7    | Defeated a soul eater
158028 | Geh:7    | Noticed a Fiend
158031 | Geh:7    | Defeated a Fiend
158071 | Geh:7    | Noticed a Fiend
158079 | Geh:7    | Defeated a Fiend
158475 | Geh:7    | Noticed a Fiend
158481 | Geh:7    | Defeated a Fiend
158673 | Geh:7    | Noticed a Fiend
158682 | Geh:7    | Noticed a Fiend
158683 | Geh:7    | Defeated a Fiend
158685 | Geh:7    | Defeated a Fiend
158691 | Geh:7    | Noticed a Fiend
158693 | Geh:7    | Defeated a Fiend
158810 | Geh:7    | Noticed a Fiend
158814 | Geh:7    | Defeated a Fiend
158898 | Geh:7    | Noticed a Fiend
158905 | Geh:7    | Defeated a Fiend
159003 | Geh:7    | Noticed Asmodeus
159032 | Geh:7    | Defeated Asmodeus
159034 | Geh:7    | Got a ruby sceptre
159039 | Geh:7    | Got an obsidian rune of Zot
160865 | Coc:1    | Entered Level 1 of Cocytus
161670 | Coc:7    | Entered Level 7 of Cocytus
162110 | Coc:7    | Gained mutation: You have a very fast metabolism.
162177 | Coc:7    | Gained mutation: Your body is slowly deteriorating.
162867 | Coc:7    | Got a jade ring
163202 | Coc:7    | Noticed Antaeus
163862 | Coc:7    | Got an ancient battleaxe
163864 | Coc:7    | Got a flickering wooden ring
163869 | Coc:7    | Got a droning book
164139 | Coc:7    | Defeated Antaeus
164304 | Coc:7    | Got an icy rune of Zot
164393 | Hell     | Lost mutation: Your magical capacity is low (-10% MP).
164393 | Hell     | Lost mutation: You are frail (-10% HP).
164393 | Hell     | Lost mutation: Your body is slowly deteriorating.
164393 | Hell     | Lost mutation: You are agile (Dex +1).
164393 | Hell     | Lost mutation: Your muscles are strong (Str +1).
164394 | Hell     | Lost mutation: You have a very fast metabolism.
164394 | Hell     | Lost mutation: Your vision is a little blurry.
164394 | Hell     | Lost mutation: You have a fast metabolism.
164411 | Hell     | Identified a +2 dwarven cloak of preservation (You found it on level 7 of Gehenna)
164569 | D:23     | Bought a scroll of identify for 26 gold pieces
164569 | D:23     | Bought a scroll of recharging for 71 gold pieces
164569 | D:23     | Bought a scroll of vulnerability for 97 gold pieces
164570 | D:23     | Identified the ring of Shaolin (You found it on level 7 of Cocytus)
165038 | D:8      | Bought a scroll of identify for 30 gold pieces
165039 | D:8      | Identified the ring of Lyazok (You found it on level 7 of Cocytus)
165039 | D:8      | Identified the +1,+6 battleaxe of the Sky (You found it on level 7 of Cocytus)
166139 | Pan      | Entered Pandemonium
166200 | Pan      | Got a crude ivory ring
166328 | Pan      | Noticed Mekin the pandemonium lord
166339 | Pan      | Defeated Mekin the pandemonium lord
166597 | Pan      | Noticed Riubunk the pandemonium lord
166619 | Pan      | Defeated Riubunk the pandemonium lord
166988 | Pan      | Gained mutation: You are weak (Str -1).
167682 | Pan      | Noticed Dugeig the pandemonium lord
167695 | Pan      | Defeated Dugeig the pandemonium lord
167987 | Pan      | Noticed Watoukk the pandemonium lord
167999 | Pan      | Defeated Watoukk the pandemonium lord
168778 | Pan      | Found a gateway to a ziggurat.
169088 | Pan      | Identified the ring of Maskuacs (You found it in Pandemonium)
169296 | Pan      | Entered the realm of Mnoleg.
169309 | Pan      | Noticed Mnoleg
169343 | Pan      | Defeated Mnoleg
169357 | Pan      | Gained mutation: You passively map a small area around you.
169375 | Pan      | Got a glowing rune of Zot
170825 | Pan      | Noticed Umu Fawk the pandemonium lord
170838 | Pan      | Defeated Umu Fawk the pandemonium lord
171133 | Pan      | Noticed Cub Muaq the pandemonium lord
171153 | Pan      | Defeated Cub Muaq the pandemonium lord
171251 | Pan      | Got a steaming zirconium amulet
171252 | Pan      | Identified the amulet "Coism" (You found it in Pandemonium)
171431 | Pan      | Noticed Chiori the pandemonium lord
171478 | Pan      | Defeated Chiori the pandemonium lord
171695 | Pan      | Noticed Doarit the pandemonium lord
171709 | Pan      | Defeated Doarit the pandemonium lord
172278 | Pan      | Got a demonic rune of Zot
172279 | Pan      | Noticed Graduw the pandemonium lord
172288 | Pan      | Defeated Graduw the pandemonium lord
172477 | Pan      | Noticed Ignacio
172488 | Pan      | Defeated Ignacio
172958 | Pan      | Noticed Proitaun the pandemonium lord
172967 | Pan      | Defeated Proitaun the pandemonium lord
173462 | Pan      | Noticed Venemod the pandemonium lord
173487 | Pan      | Defeated Venemod the pandemonium lord
173638 | Pan      | Noticed Nougg the pandemonium lord
173674 | Pan      | Defeated Nougg the pandemonium lord
173904 | Pan      | Reached skill level 15 in Shields
173938 | Pan      | Noticed Selaiph the pandemonium lord
173943 | Pan      | Defeated Selaiph the pandemonium lord
173955 | Pan      | HP: 10/276 [disintegration (16)]
173957 | Pan      | The Shining One protects you from harm!
173973 | Pan      | HP: 3/276 [Balrug/demon whip (19)]
174699 | Pan      | Gained mutation: Armour fits poorly on your unusually shaped body.
174719 | Pan      | Gained mutation: Your magical capacity is low (-10% MP).
175063 | Pan      | Gained mutation: You occasionally shout uncontrollably.
175353 | Pan      | Gained mutation: You have a fast metabolism.
175395 | Pan      | Gained mutation: You are frail (-10% HP).
175415 | Pan      | Gained mutation: You are weak (Str -2).
175576 | Pan      | You are cast into the Abyss!
175576 | Pan      | Cast into the Abyss (distortion unwield)
175578 | Abyss    | Lost mutation: You are frail (-10% HP).
175578 | Abyss    | Lost mutation: Armour fits poorly on your unusually shaped body.
175578 | Abyss    | Lost mutation: You have a fast metabolism.
175578 | Abyss    | Lost mutation: You occasionally shout uncontrollably.
175578 | Abyss    | Lost mutation: You are weak (Str -2).
175578 | Abyss    | Lost mutation: Your magical capacity is low (-10% MP).
175814 | Abyss    | Reached skill level 27 in Invocations
175815 | Abyss    | Noticed a tormentor
175823 | Abyss    | Defeated a tormentor
175936 | Abyss    | Noticed a phantasmal warrior
175944 | Abyss    | Defeated a phantasmal warrior
175954 | Abyss    | Noticed a pale draconian shifter
176139 | Abyss    | Noticed a naga warrior
176147 | Abyss    | Defeated a naga warrior
176315 | Abyss    | Noticed a deep dwarf
176323 | Abyss    | Defeated a deep dwarf
176390 | Abyss    | Noticed a clay golem
176402 | Abyss    | Defeated a clay golem
176497 | Abyss    | Noticed a sky beast
176502 | Abyss    | Defeated a sky beast
176705 | Abyss    | Defeated a great orb of eyes
176755 | Abyss    | Noticed a tormentor
176760 | Abyss    | Defeated a tormentor
177122 | D:23     | You pass through the gate.
177763 | Zot:5    | Noticed an orb of fire
177776 | Zot:5    | Defeated an orb of fire
177823 | Zot:5    | Got the Orb of Zot
177850 | Zot:5    | Noticed Metued the pandemonium lord
177861 | Zot:5    | Defeated Metued the pandemonium lord
177865 | Zot:5    | Reached skill level 27 in Unarmed Combat
178292 | D:27     | Noticed Qivattis the pandemonium lord
178304 | D:27     | Defeated Qivattis the pandemonium lord
178698 | D:15     | Noticed Ripno the pandemonium lord
178842 | D:11     | Noticed Twic Kia the pandemonium lord
179100 | D:$      | Escaped with the Orb!
